 Dungeon Crawl Stone Soup version 0.30-a0-883-g5ad918d77d (webtiles) character file.

Game seed: 3331553821785599035

81 hikkokomori the Ducker (level 4, 0/35 HPs)
             Began as a Merfolk Gladiator on Mar 18, 2023.
             Slain by Robin
             ... wielding a +0 mace
              (2 damage)
             ... on level 3 of the Dungeon.
             The game lasted 00:02:00 (1736 turns).

hikkokomori the Ducker (Merfolk Gladiator)          Turns: 1736, Time: 00:02:01

Health: 0/35       AC:  4    Str: 14    XL:     4   Next: 40%
Magic:  4/4        EV: 14    Int:  7    God:
Gold:   112        SH:  0    Dex: 17    Spells: 3/3 levels left

rFire   . . .      SeeInvis .    i - +1 dagger (venom)
rCold   . . .      Faith    .    (no shield)
rNeg    . . .      Spirit   .    b - +0 leather armour
rPois   .          Reflect  .    c - +0 helmet
rElec   .          Rampage  .    (no cloak)
rCorr   .                        (no gloves)
Will    .....                    (no boots)
Stlth   ++                       (no amulet)
HPRegen 0.25/turn                (no ring)
MPRegen 0.09/turn                (no ring)

@: no status effects
A: (nimble swimmer 2), mertail
a: no special abilities


You were on level 3 of the Dungeon.
You visited 1 branch of the dungeon, and saw 3 of its levels.

You collected 112 gold pieces.

Inventory:

Hand Weapons
 a - a +0 long sword
 i - a +1 dagger of venom (weapon)
Missiles
 d - 3 throwing nets (quivered)
 e - a javelin
Armour
 b - a +0 leather armour (worn)
 c - a +0 helmet (worn)
Scrolls
 f - a scroll of vulnerability {unknown}
 h - a scroll of fear {unknown}
 j - a scroll of enchant weapon {unknown}
 n - a scroll of poison {unknown}
 o - a scroll of identify {unknown}
 p - a scroll of enchant armour {unknown}
 q - 2 scrolls of blinking {unknown}
Potions
 g - a potion of flight {unknown}
 k - a potion of lignification {unknown}
 l - a potion of ambrosia {unknown}
 m - 2 potions of curing


   Skills:
 + Level 3.0 Fighting
 + Level 4.3 Long Blades
 - Level 2.0 Throwing
 + Level 4.8 Dodging
 + Level 2.2 Stealth


You had 3 spell levels left.
You didn't know any spells.
Your spell library contained the following spells:

 Spells                   Type           Power      Damage    Failure   Level
 Apportation              Tloc           0%         N/A       52%         1
 Necrotise                Necr           0%         1d4       52%         1
 Summon Small Mammal      Summ           0%         N/A       52%         1


Dungeon Overview and Level Annotations

Branches:
Dungeon (3/15)

Altars:

Shops:
D:3 =

Annotations:
D:3 Robin


Innate Abilities, Weirdness & Mutations

((You are very nimble when in or above water. (Stealth+, EV+, Speed+++)))
Your lower body shifts to a powerful aquatic tail in water.


Message History

You hit the goblin.
The goblin is poisoned.
The goblin is severely wounded.
The goblin hits you with a +0 dagger.
You hit the goblin.
You kill the goblin!
You completely miss the hobgoblin.
The hobgoblin no longer looks unusually strong.
The hobgoblin misses you.
You hit the hobgoblin but do no damage.
The hobgoblin is poisoned.
The hobgoblin closely misses you.
Robin roars a battlecry!
The goblins go into a battle-frenzy!
You completely miss the hobgoblin.
The hobgoblin is moderately wounded.
The hobgoblin barely misses you. Robin throws the goblin at you!
You barely miss the hobgoblin.
The hobgoblin is moderately wounded.
The goblin hits you but does no damage. The hobgoblin completely misses you.
You hit the hobgoblin.
The hobgoblin looks even sicker.
The hobgoblin is almost dead.
You kill the hobgoblin!
The goblin attacks as you move away! The goblin hits you with a +0 club.
* * * LOW HITPOINT WARNING * * *
The goblin hits you with a +0 dagger.
* * * LOW HITPOINT WARNING * * *
Things that are here:
a +0 dagger; a +0 dagger; a hobgoblin corpse You hit the goblin.
The goblin is poisoned.
Your punch misses the goblin.
The goblin is severely wounded.
The goblin hits you but does no damage. The goblin barely misses you.
You barely miss the goblin.
The goblin is severely wounded.
You kill the goblin!
The goblin hits you but does no damage.
You hit Robin.
Robin is poisoned.
Robin is lightly wounded.
The goblin hits you with a +0 club.
* * * LOW HITPOINT WARNING * * *
Robin hits you with a +0 mace.
You die...

#...^.....#
#........
########'##
#.).##### #.# #...#
...####.####...#
###
...........+...+
...
...####.####...##.#
### #.# #......#
#.. #g# ####.###
#.. #@# #.# #.. #g#
#.# #.. ....g.))#
#####.### #..
...#..###
#.......####.. ##.
.##............. #
#................
##................
...#.......###...
#..#.#...#####...


You could see Robin (very poisoned) and a goblin (strong).

Vanquished Creatures
  2 dart slugs (D:2)
  5 ball pythons
  4 endoplasms
  3 giant cockroaches (D:1)
  20 goblins
  8 hobgoblins
  8 jackals (D:1)
  4 bats
  3 frilled lizards
  3 kobolds
  3 rats (D:2)
63 creatures vanquished.

Notes
Turn   | Place    | Note
-------+----------+-------------------------------------------
     0 | D:1      | hikkokomori the Merfolk Gladiator began the quest for the
                  | Orb.
     0 | D:1      | Reached XP level 1. HP: 16/16 MP: 1/1
   119 | D:1      | Reached XP level 2. HP: 8/23 MP: 2/2
   202 | D:1      | Reached skill level 1 in Stealth
   404 | D:1      | Reached XP level 3. HP: 26/28 MP: 3/3
  1414 | D:2      | Reached XP level 4. HP: 34/34 MP: 4/4
  1415 | D:2      | Found a faded altar of an unknown god.
  1641 | D:3      | Found Bawoef's Jewellery Emporium.
  1696 | D:3      | Noticed Robin
  1736 | D:3      | Slain by Robin

Illustrated notes

Levels and vault maps discovered:
D:1:      dpeg_arrival_more_subterranean_lakeside_camping, layout_basic
D:2:      layout_basic, hellmonk_ecumenical_altar_blasted
D:3:      layout_basic, nicolae_vehumet_altar_sigil, serial_shops, shop,
          uniq_ijyb, uniq_robin

Skill      XL: |  1  2  3  4 |
---------------+-------------+-----
Stealth        | 1 2 |  2.2
Long Blades    | 4 |  4.3
Fighting       | 3 |  3.0
Throwing       | |  2.0
Dodging        | |  4.8

Action                     |  1- 3 |  4- 6 || total
---------------------------+-------+-------++-------
  Melee: Long sword        |    21 |       ||    21
         Dagger            |   123 |    52 ||   175
    Use: Potion            |     1 |       ||     1
   Stab: Sleeping          |       |     1 ||     1
 Armour: Leather armour    |    44 |    14 ||    58
  Dodge: Dodged            |   107 |    36 ||   143

Table legend: (Time is in decaauts)
 A = Elapsed time spent in this place.
 B = Non-inter-level travel time spent in this place.
 C = Inter-level travel time spent in this place.
 D = Time resting spent in this place.
 E = Time spent auto-exploring this place.
 F = Levels seen in this place.
 G = Mean time per level.
                   A        B        C        D        E       F      G
               +--------+--------+--------+--------+--------+-----+--------+
         Total |   1716 |   1661 |     55 |      0 |   1302 |   3 |  572.0 |
       Dungeon |   1716 |   1661 |     55 |      0 |   1302 |   3 |  572.0 |
               +--------+--------+--------+--------+--------+-----+--------+

Top non-repeatable levels by time:
     D:1: 883 daAuts
     D:2: 684 daAuts
     D:3: 148 daAuts
